 Dungeon Crawl Stone Soup version 0.26-a0-835-g8259106e14 (webtiles) character file.

Game seed: 6004031197981196156

2284 jasper the Grappler (level 9, -10/79 HPs)
             Began as a Palentonga Fighter on Nov 17, 2020.
             Was a Believer of Ashenzari.
             Blown up by an orc wizard (32 damage)
             ... with a disintegration bolt
             ... on level 7 of the Dungeon.
             The game lasted 00:09:30 (6363 turns).

jasper the Grappler (Palentonga Fighter)            Turns: 6363, Time: 00:09:31

Health: -10/79     AC: 13    Str: 21    XL:     9   Next: 17%
Magic:  9/9        EV:  6    Int: 11    God:    Ashenzari [**....]
Gold:   361        SH:  9    Dex:  9    Spells: 3/8 levels left

rFire    . . .     SeeInvis +     - Unarmed
rCold    . . .     Faith    .   b - +0 kite shield
rNeg     . . .     Spirit   .   l - +0 ring mail (curse)
rPois    .         Reflect  .   (no helmet)
rElec    .         Harm     .   (no cloak)
rCorr    .         Rampage  .   (no gloves)
MR       .....                  (no barding)
Stlth    ..........             (no amulet)
HPRegen  0.23/turn              j - +4 ring of slaying
MPRegen  0.11/turn              (no ring)

@: berserk cooldown, hasted and slowed, curled up
A: large, rugged brown scales 3, see invisible, deformed body, roll 1, armoured
tail, reflexive curl
a: Rolling Charge, Curse Item, Scrying, Renounce Religion


You were on level 7 of the Dungeon.
You worshipped Ashenzari.
Ashenzari was pleased with you.
You visited 1 branch of the dungeon, and saw 7 of its levels.

You collected 361 gold pieces.

Inventory:

Missiles
 c - 5 boomerangs (quivered)
 f - 2 poisoned darts
 v - 4 silver boomerangs
Armour
 a - a +0 scale mail
 b - a +0 kite shield (worn)
 l - a cursed +0 ring mail (worn)
 o - a +0 troll leather armour
Jewellery
 j - a +4 ring of slaying (left hand)
Wands
 h - a wand of flame (25)
 s - a wand of disintegration (13)
Scrolls
 e - 5 scrolls of amnesia
 k - a scroll of immolation
 r - 5 scrolls of identify
Potions
 g - a potion of berserk rage
 i - 3 potions of degeneration
 m - a potion of magic
 n - a potion of attraction
 p - a potion of cancellation
 q - 2 potions of flight
 t - a potion of lignification
 x - a potion of invisibility {unknown}


   Skills:
 * Level 5.5 Fighting
 - Level 2.4 Armour
 + Level 3.6 Shields
 - Level 10.0 Unarmed Combat
 + Level 2.9 Transmutations
 + Level 2.7 Earth Magic


You had 3 spell levels left.
You knew the following spells:

 Your Spells              Type           Power        Failure   Level
a - Confusing Touch       Hex            #.......     99%         3
b - Passwall              Tmut/Erth      #.......     65%         2

Your spell library contained the following spells:

 Spells                   Type           Power        Failure   Level
 Sandblast                Erth           #.....       52%         1
 Stone Arrow              Conj/Erth      #.....       97%         3
 Gell's Gravitas          Tloc           #.........   99%         3
 Petrify                  Tmut/Erth      #.......     99%         4
 Lee's Rapid Deconstruct  Erth           #.........   100%        5
 Metabolic Englaciation   Hex/Ice        #.........   100%        5
 Yara's Violent Unravell  Hex/Tmut       #.........   100%        5


Dungeon Overview and Level Annotations

Branches:
Dungeon (7/15)             Temple (0/1) D:5

Altars:
Ashenzari
Cheibriados
Dithmenos
Elyvilon
Hepliaklqana
Makhleb
Nemelex Xobeh
Okawaru
Qazlal
Trog
Vehumet
Wu Jian


Innate Abilities, Weirdness & Mutations

You are completely covered in rugged brown scales. (AC +3, +7% HP)
You have supernaturally acute eyesight. (SInv)
Armour fits poorly on your strangely shaped body.
You can roll at nearby foes to attack.
You have a long armoured tail.
You curl defensively after being hit.


Message History

The puff of frost hits you but does no damage.
You block the orc warrior's attack.
The orc priest calls upon Beogh to heal the orc wizard.
The orc wizard is healed somewhat.
You feel yourself speed up.
The orc wizard gestures at you while chanting.
The puff of frost hits you.
* * * LOW HITPOINT WARNING * * *
The orc wizard completely misses you.
The orc warrior hits you with a +0 scimitar.
* * * LOW HITPOINT WARNING * * *
The orc wizard hits you but does no damage.
You take 7 damage, and have 2/79 hp.
Unknown command.
The orc priest looks satisfied for a moment.
Okay, then.
You feel better.
You regained 10 hp, and now have 12/79 hp.
You feel better.
The orc wizard zaps a wand.
You are blasted!
You die...

#..##........#<........,
#.)##..############..##**# *
, #..##..####..##..##..##...
#..).....>....#...........,
#.............#...(.......
#.............+)o##..##... *
####..##..########{##*..# , *
#.##+###).##....##.(##....
#.....†...#.....@oo..#.....,
,
#.....†...#......o...#.......
#.........#..........#....###
, #.........#.......(.##..###
########'####...##### , * ,
#.....##..###...##.. * *
...................(. ** *
.....................
##..#################


You could see an orc warrior, an orc wizard (fast) and an orc.

Vanquished Creatures
  Joseph (D:7)
  A troll (D:4)
  Sigmund (D:4)
  2 orc warriors (D:6)
  3 centaurs
  A phantom (D:3)
  2 ogres (D:4)
  Blork the orc (D:5)
  A bullfrog (D:7)
  A scorpion (D:3)
  A howler monkey (D:5)
  A crimson imp (D:3)
  A centaur zombie (D:6)
  A hound (D:4)
  Ijyb (D:4)
  2 bullfrog skeletons
  Terence (D:2)
  An iguana (D:4)
  4 worker ants
  5 orc wizards
  A hound zombie (D:5)
  A hound skeleton (D:6)
  7 gnolls
  3 adders
  A white imp (D:5)
  An ufetubus (D:7)
  An ooze (D:3)
  An adder skeleton (D:5)
  2 dart slugs (D:2)
  7 leopard geckos
  13 orcs
  A ball python (D:4)
  7 bats
  4 giant cockroaches
  7 goblins
  5 hobgoblins
  8 jackals
  4 kobolds
  3 quokkas
  2 frilled lizards (D:3)
  A quokka skeleton (D:5)
  4 rats
116 creatures vanquished.

Vanquished Creatures (others)
  A wizard (D:4)
1 creature vanquished.

Grand Total: 117 creatures vanquished

Notes
Turn   | Place    | Note
-------+----------+-------------------------------------------
     0 | D:1      | jasper the Palentonga Fighter began the quest for the Orb.
     0 | D:1      | Reached XP level 1. HP: 20/20 MP: 1/1
    19 | D:2      | Reached XP level 2. HP: 23/27 MP: 2/2
   125 | D:3      | Reached skill level 3 in Unarmed Combat
   256 | D:4      | Noticed a scorpion
   438 | D:3      | Found a sparkling altar of Nemelex Xobeh.
   502 | D:3      | Found a broken altar of Ashenzari.
   526 | D:3      | Became a worshipper of Ashenzari the Shackled
   563 | D:4      | Noticed Sigmund
   651 | D:3      | Reached XP level 3. HP: 32/33 MP: 3/3
   654 | D:3      | Found a stormy altar of Qazlal.
   655 | D:3      | Found an iron altar of Okawaru.
   729 | D:4      | Noticed an ogre
   735 | D:3      | Found a bloodstained altar of Trog.
   890 | D:3      | Found a radiant altar of Vehumet.
   909 | D:3      | Found a burning altar of Makhleb.
   914 | D:3      | Reached skill level 4 in Unarmed Combat
  1127 | D:3      | Reached XP level 4. HP: 34/40 MP: 4/4
  1180 | D:3      | Noticed a phantom
  1209 | D:3      | Killed a phantom
  1210 | D:3      | Reached skill level 5 in Unarmed Combat
  1210 | D:3      | Reached XP level 5. HP: 28/48 MP: 5/5
  1476 | D:2      | Found a hazy altar of Hepliaklqana.
  1529 | D:2      | Noticed Terence
  1537 | D:2      | Killed Terence
  1676 | D:2      | Found a snail-covered altar of Cheibriados.
  2143 | D:1      | Reached skill level 6 in Unarmed Combat
  2482 | D:3      | Reached XP level 6. HP: 29/54 MP: 6/6
  2665 | D:5      | Entered Level 5 of the Dungeon
  2870 | D:5      | Reached * piety under Ashenzari
  2972 | D:5      | Found a staircase to the Ecumenical Temple.
  3140 | D:5      | Reached skill level 7 in Unarmed Combat
  3156 | D:4      | Noticed a troll
  3531 | D:4      | Killed Sigmund
  3532 | D:4      | Reached skill level 8 in Unarmed Combat
  3532 | D:4      | Gained mutation: You curl defensively after being hit.
                  | [Palentonga growth]
  3532 | D:4      | Reached XP level 7. HP: 50/60 MP: 7/7
  3594 | D:4      | Found a bloodstained altar of Trog.
  3595 | D:4      | Noticed a wizard
  3601 | D:4      | Killed a wizard
  3652 | D:4      | Learned a level 3 spell: Confusing Touch
  3717 | D:4      | Noticed Ijyb
  3722 | D:4      | Killed a troll
  3723 | D:4      | Reached skill level 9 in Unarmed Combat
  3729 | D:4      | Killed Ijyb
  4042 | D:4      | Reached XP level 8. HP: 67/67 MP: 8/8
  4372 | D:4      | Learned a level 2 spell: Passwall
  4530 | D:5      | Noticed Blork the orc
  4540 | D:5      | Killed Blork the orc
  4541 | D:5      | Reached skill level 10 in Unarmed Combat
  4938 | D:5      | Found an ornate altar of the Wu Jian Council.
  5149 | D:6      | Reached skill level 1 in Transmutations
  5149 | D:6      | Reached skill level 1 in Earth Magic
  5286 | D:6      | Found a white marble altar of Elyvilon.
  5974 | D:6      | Found a shadowy altar of Dithmenos.
  6198 | D:7      | Reached ** piety under Ashenzari
  6247 | D:7      | Reached skill level 5 in Fighting
  6270 | D:7      | Reached XP level 9. HP: 74/79 MP: 9/9
  6323 | D:7      | Noticed Joseph
  6340 | D:7      | Killed Joseph
  6359 | D:7      | HP: 2/79 [orc warrior/+0 scimitar (5)]
  6363 | D:7      | Blown up by an orc wizard

Illustrated notes

Levels and vault maps discovered:
D:1:      shiori_arrival_elements, layout_basic, minmay_misc_feat_chi,
          st_stairs_1, feat_on_display
D:2:      layout_basic, nicolae_overflow_crystal_walls, kennysheep_slug_shrine,
          minmay_tromino_v4_c, uniq_terence
D:3:      layout_rooms, old_standard_altar, old_standard_altar,
          grunt_temple_overflow_open,
          grunt_temple_overflow_lords_of_destruction,
          cheibrodos_ashenzari_chains
D:4:      layout_layer_cave, minmay_statues_item, trog_wizard, uniq_sigmund,
          uniq_ijyb
D:5:      layout_cave_pods, general_overflow_altar,
          minmay_temple_entry_junction_2, uniq_blork_the_orc
D:6:      layout_cave_pools, elyvilon_altar_5, kennysheep_mini
D:7:      layout_gridville, serial_shops, shop_fountains, basic_altar,
          makhleb_altar_promises_db, uniq_joseph

Skill      XL: |  1  2  3  4  5  6  7  8 |
---------------+-------------------------+-----
Unarmed Combat | 3 4 5 6 8 9 10 | 10.0
Transmutations | 2 |  2.9
Earth Magic    | 2 |  2.7
Fighting       | 5 |  5.5
Shields        | 3 |  3.6
Armour         | |  2.4

Action                   |  1- 3 |  4- 6 |  7- 9 || total
-------------------------+-------+-------+-------++-------
Melee: Unarmed           |    93 |   139 |   149 ||   381
       Tailslap          |    12 |    20 |    14 ||    46
Throw: Boomerang         |     5 |    23 |    25 ||    53
 Abil: Rolling Charge    |       |    15 |    29 ||    44
Evoke: Wand              |       |     8 |     4 ||    12
  Use: Potion            |     2 |     3 |     5 ||    10
       Scroll            |       |    10 |     3 ||    13
 Stab: Paralysed         |       |     4 |     4 ||     8
Armor: Scale mail        |    37 |    18 |       ||    55
       Ring mail         |       |    37 |    39 ||    76
Dodge: Dodged            |    12 |    27 |    26 ||    65
Block: Kite shield       |    33 |    40 |    52 ||   125

Table legend: (Time is in decaauts)
 A = Elapsed time spent in this place.
 B = Non-inter-level travel time spent in this place.
 C = Inter-level travel time spent in this place.
 D = Time resting spent in this place.
 E = Time spent auto-exploring this place.
 F = Levels seen in this place.
 G = Mean time per level.
                   A        B        C        D        E       F      G
               +--------+--------+--------+--------+--------+-----+--------+
         Total |   6363 |   6170 |    193 |   1317 |   3877 |   7 |  909.0 |
       Dungeon |   6363 |   6170 |    193 |   1317 |   3877 |   7 |  909.0 |
               +--------+--------+--------+--------+--------+-----+--------+

Top non-repeatable levels by time:
     D:3: 1629 daAuts
     D:5: 1235 daAuts
     D:4: 1099 daAuts
     D:6: 1045 daAuts
     D:1: 647 daAuts
     D:2: 521 daAuts
     D:7: 184 daAuts
